 Dungeon Crawl Stone Soup version 0.31-a0-233-g139696dc86 (webtiles) character file.

Game seed: 5286956159839434626

99 qw the Shooter (level 4, -2/26 HPs)
             Began as a Gargoyle Hexslinger on July 8, 2023.
             Slain by a gnoll bouda
             ... wielding a +0 whip
              (6 damage)
             ... on level 2 of the Dungeon.
             The game lasted 00:00:50 (1983 turns).

qw the Shooter (Gargoyle Hexslinger)                Turns: 1983, Time: 00:00:51

Health: -2/26      AC: 10    Str: 11    XL:     4   Next: 72%
Magic:  5/5        EV: 10    Int: 14    God:
Gold:   200        SH:  0    Dex: 14    Spells: 4/5 levels left

rFire   . . .        Y - +1 sling (flame)
rCold   + . .        (no shield)
rNeg    + . .        n - +0 ring mail {rC+}
rPois   inf          (no helmet)
rElec   +            (no cloak)
rCorr   .            d - +0 pair of gloves
SInv    .            c - +0 pair of boots
Will    .....        (no amulet)
Stlth   +            (no ring)
HPRegen 0.24/turn    (no ring)
MPRegen 0.09/turn

%: no passive effects
@: no status effects
A: sickness immunity, AC +3, negative energy resistance 1, electricity
resistance, torment resistance 1, petrification resistance
a: no special abilities


You were on level 2 of the Dungeon.
You visited 1 branch of the dungeon, and saw 3 of its levels.

You collected 262 gold pieces.
You spent 62 gold pieces at shops.


Innate Abilities, Weirdness & Mutations

You are immune to sickness and miasma.
Your stone body is resilient. (AC +3)
You are immune to poison.
You resist negative energy. (rN+)
You are resistant to electric shocks. (rElec)
You are resistant to unholy torment.
You are immune to petrification.


   Skills:
 - Level 2.0 Fighting
 + Level 4.2 Ranged Weapons
 - Level 1.2 Armour
 - Level 1.5 Dodging
 - Level 1.0 Spellcasting
 - Level 2.6 Hexes


You had 4 spell levels left.
You knew the following spells:

 Your Spells              Type           Power      Damage    Failure   Level
a - Slow                  Hex            32%        N/A       21%         1

Your spell library contained the following spells:

 Spells                   Type           Power      Damage    Failure   Level
 Inner Flame              Hex/Fire       4%         N/A       71%         3
 Portal Projectile        Hex/Tloc       8%         N/A       71%         3
 Cause Fear               Hex            4%         N/A       90%         4

Inventory:

Hand Weapons
 Y - a +1 sling of flaming (weapon)
Armour
 c - a +0 pair of boots (worn)
 d - a +0 pair of gloves (worn)
 n - a +0 ring mail of cold resistance (worn)
Potions
 a - a potion of lignification {unknown}
 b - a potion of mutation {unknown}
 e - a potion of enlightenment
 j - a potion of heal wounds {unknown}
 k - a potion of ambrosia {unknown}
 m - a potion of haste {unknown}

Dungeon Overview and Level Annotations

Branches:
Dungeon (3/15)

Altars:

Shops:
D:1 *


Message History

You hear the sound of rushing water.
There is an entrance to a sewer on this level.
Hurry and find it before the portal rusts away!
The gnoll misses you.
There is a stone staircase leading up here.
There are monsters nearby!
You shoot a sling bullet. The sling bullet hits the gnoll bouda.
The sling bullet burns the gnoll bouda.
The gnoll bouda is lightly wounded.
The gnoll hits you but does no damage.
The gnoll bouda hits you but does no damage.
The gnoll hits you but does no damage. The gnoll misses you.
You shoot a sling bullet.
The sling bullet barely misses the gnoll bouda.
The adder bites you but does no damage.
The gnoll bouda barks out a call to the hunt!
The gnolls pick up the pace!
The gnoll barely misses you. The gnoll hits you with a +0 flail!
The adder misses you.
1979 ||| STAIRDANCE You hear the brisk rusting of a very distant drain.
The gnoll bouda hits you with a +0 whip.
The gnoll hits you but does no damage. The adder barely misses you.
The gnoll closely misses you.
You climb upwards.
There is a stone staircase leading down here.
You see here a potion of magic.
You shoot a sling bullet.
The sling bullet hits the gnoll bouda but does no damage.
The gnoll bouda is lightly wounded.
The gnoll bouda misses you. The gnoll hits you with a +0 flail.
The gnoll bouda misses you.
You shoot a sling bullet. The sling bullet hits the gnoll bouda.
The sling bullet burns the gnoll bouda.
The gnoll bouda is moderately wounded.
The gnoll hits you but does no damage. The gnoll bouda barely misses you.
The gnoll hits you with a +0 flail.
You shoot a sling bullet.
The sling bullet closely misses the gnoll bouda.
The gnoll bouda hits you with a +0 whip.
You die...

### #.# #.. #.#
#[# #.#
##########.#
#######..|.......#
#@gS.............#
#g#.###.........##
#.#.# #.........#
#.#.###.........#
#.#...#......)..#
#.###.#........%#
#.# #.#.........##
#.# #.#.........##
#.###..........%..


You could see a gnoll bouda, a gnoll (swift) and an adder.

Vanquished Creatures
  3 gnolls (D:2)
  2 adders (D:2)
  A worm (D:2)
  A dart slug (D:1)
  2 orcs (D:3)
  4 ball pythons
  5 bats
  4 endoplasms
  A giant cockroach (D:3)
  3 hobgoblins
  4 jackals (D:2)
  6 kobolds
  2 quokkas
  6 frilled lizards
  A goblin (D:1)
  A rat (D:1)
46 creatures vanquished.

Notes
Turn   | Place    | Note
-------+----------+-------------------------------------------
     0 | D:1      | qw the Gargoyle Hexslinger began the quest for the Orb.
     0 | D:1      | Reached XP level 1. HP: 12/12 MP: 2/2
     0 | D:1      | 0 ||| qw: Version: 0.3-a-46-gb1f654a
     0 | D:1      | 0 ||| qw: Game counter: 3686
     0 | D:1      | 0 ||| qw: Melee chars always use a shield: true
     0 | D:1      | 0 ||| qw: God list: Okawaru
     0 | D:1      | 0 ||| qw: Allow faded altars: false
     0 | D:1      | 0 ||| qw: Do Orc after clearing Dungeon:15 true
     0 | D:1      | 0 ||| qw: Do second Lair branch before Depths: true
     0 | D:1      | 0 ||| qw: Lair rune preference: random
     0 | D:1      | 0 ||| qw: Goals: Normal
     0 | D:1      | 0 ||| PLANNING D:1-11
     5 | D:1      | Noticed a black mamba
     8 | D:1      | Noticed a black mamba
   184 | D:1      | 184 ||| FLEEEEING.
   192 | D:1      | Reached XP level 2. HP: 14/16 MP: 3/3
   273 | D:1      | Found Ven Cafe's Assorted Antiques.
   285 | D:1      | 285 ||| BUYING leather armour (62 gold).
   285 | D:1      | Bought a leather armour for 62 gold pieces
   285 | D:1      | 285 ||| SHOPLISTING puce potion (27 gold, have 23).
   285 | D:1      | 285 ||| SHOPLISTING scroll labelled BOGERPH TUABIOPRY (31
                  | gold, have 23).
   285 | D:1      | 285 ||| SHOPLISTING scroll labelled MIOTIGRORUL (31 gold,
                  | have 23).
   372 | D:1      | You fall into a shaft and drop 1 floor!
   471 | D:2      | Reached skill level 3 in Ranged Weapons
   552 | D:2      | Reached XP level 3. HP: 17/21 MP: 4/4
   789 | D:2      | 789 ||| UPGRADING to +0 pair of gloves.
   794 | D:2      | 794 ||| UPGRADING to +0 leather armour.
   804 | D:2      | 804 ||| DROPPING +0 robe.
   805 | D:2      | 805 ||| UPGRADING to +0 ring mail.
   819 | D:2      | 819 ||| UPGRADING to +0 leather armour.
   824 | D:2      | 824 ||| UPGRADING to +0 ring mail.
   834 | D:2      | 834 ||| DROPPING +0 leather armour.
   835 | D:2      | 835 ||| UPGRADING to +0 ring mail of cold resistance.
   845 | D:2      | 845 ||| DROPPING +0 ring mail.
   846 | D:2      | 846 ||| DROPPING amulet of magic regeneration.
   847 | D:2      | 847 ||| READING scroll labelled GEOMOULUU.
   848 | D:2      | 848 ||| DRINKING 2 yellow potions.
   849 | D:2      | 849 ||| DROPPING scroll of poison.
  1286 | D:2      | Reached skill level 1 in Armour
  1546 | D:2      | 1546 ||| READING scroll labelled COUCEXZA KUSS.
  1577 | D:3      | 1577 ||| PLANNING SEWER
  1663 | D:3      | Reached XP level 4. HP: 26/26 MP: 5/5
  1851 | D:3      | 1851 ||| FLEEEEING.
  1852 | D:3      | 1852 ||| FLEEEEING.
  1853 | D:3      | 1853 ||| FLEEEEING.
  1854 | D:3      | 1854 ||| FLEEEEING.
  1855 | D:3      | 1855 ||| FLEEEEING.
  1856 | D:3      | 1856 ||| FLEEEEING.
  1857 | D:3      | 1857 ||| FLEEEEING.
  1858 | D:3      | 1858 ||| FLEEEEING.
  1859 | D:3      | 1859 ||| FLEEEEING.
  1861 | D:3      | 1861 ||| FLEEEEING.
  1862 | D:3      | 1862 ||| FLEEEEING.
  1863 | D:3      | 1863 ||| FLEEEEING.
  1864 | D:3      | 1864 ||| FLEEEEING.
  1865 | D:3      | 1865 ||| FLEEEEING.
  1866 | D:3      | 1866 ||| FLEEEEING.
  1867 | D:3      | 1867 ||| FLEEEEING.
  1868 | D:3      | 1868 ||| FLEEEEING.
  1869 | D:3      | 1869 ||| FLEEEEING.
  1870 | D:3      | 1870 ||| FLEEEEING.
  1871 | D:3      | 1871 ||| FLEEEEING.
  1872 | D:3      | 1872 ||| STAIRDANCE
  1899 | D:2      | 1899 ||| UPGRADING to +0 pair of boots.
  1904 | D:2      | 1904 ||| READING scroll labelled ADOAL RAAKK.
  1905 | D:2      | 1905 ||| READING scroll labelled QEITWE MIME.
  1906 | D:2      | 1906 ||| DRINKING 2 purple potions.
  1907 | D:2      | 1907 ||| DROPPING potion of magic.
  1910 | D:3      | 1910 ||| STAIRDANCE
  1938 | D:3      | 1938 ||| STAIRDANCE
  1945 | D:2      | Reached skill level 4 in Ranged Weapons
  1956 | D:3      | 1956 ||| STAIRDANCE
  1979 | D:3      | 1979 ||| STAIRDANCE
  1982 | D:2      | HP: 4/26 [gnoll/+0 flail[a gnoll bouda] (5)]
  1983 | D:2      | Slain by a gnoll bouda

Levels and vault maps discovered:
D:1:      sevenhm_arrival_forest_fort_small_2, layout_basic, serial_shops,
          nicolae_shop_rolling_square
D:2:      layout_basic, hangedman_decor_push
D:3:      layout_basic, lightli_sewer_entry_pipes

Skill      XL: |  1  2  3  4 |
---------------+-------------+-----
Ranged Weapons | 3 4 |  4.2
Fighting       | 2 |  2.0
Armour         | 1 |  1.2
Dodging        | |  1.5
Spellcasting   | |  1.0
Hexes          | |  2.6

Action                     |  1- 3 |  4- 6 || total
---------------------------+-------+-------++-------
   Fire: Sling             |   138 |    46 ||   184
    Use: Scroll            |     2 |     2 ||     4
         Potion            |     1 |     1 ||     2
 Armour: Robe              |    11 |       ||    11
         Ring mail         |    10 |    26 ||    36
         Skin              |     1 |       ||     1
  Dodge: Dodged            |    58 |    26 ||    84

Table legend:
 A = Non-vault XP
 B = Vault XP
 C = Vault XP percentage of total XP
 D = Non-vault monster count
 E = Vault monster count
 F = Vault count percentage of total count
                 A         B        C        D         E       F
            +---------+---------+-------+---------+---------+-------
      Total |     142 |       0 |   0.0 |      46 |       0 |   0.0
            +---------+---------+-------+---------+---------+-------
        D:1 |      21 |       0 |   0.0 |      13 |       0 |   0.0
        D:2 |      99 |       0 |   0.0 |      22 |       0 |   0.0
        D:3 |      22 |       0 |   0.0 |      11 |       0 |   0.0
            +---------+---------+-------+---------+---------+-------
